 Dungeon Crawl Stone Soup version 0.26-a0-466-g989023bd0d (webtiles) character file.

Game seed: 3548862096364551627

275 vurker the Slasher (level 6, -5/43 HPs)
             Began as a Halfling Chaos Knight on July 30, 2020.
             Slain by a chaos spawn (6 damage)
             ... summoned by Xom
             ... on level 3 of the Dungeon.
             The game lasted 00:04:14 (2586 turns).

vurker the Slasher (Halfling Chaos Knight)          Turns: 2586, Time: 00:04:15

Health: -5/43      AC:  6    Str: 15    XL:     6   Next: 50%
Magic:  6/6        EV: 19    Int: 10    God:
Gold:   100        SH:  0    Dex: 14    Spells: 5/5 levels left

rFire    . . .     SeeInvis .   a - +0 falchion (chaos)
rCold    . . .     Faith    .   (shield restricted)
rNeg     . . .     Spirit   .   e - +3 leather armour
rPois    .         Reflect  .   (no helmet)
rElec    .         Harm     .   (no cloak)
rCorr    .                      (no gloves)
MR       .....                  (no boots)
Stlth    +.........             (no amulet)
HPRegen  0.14/turn              (no ring)
MPRegen  0.10/turn              (no ring)

@: agile
A: small, talons 1, blurry vision 1, mutation resistance 1
a: no special abilities


You were on level 3 of the Dungeon.
You visited 1 branch of the dungeon, and saw 4 of its levels.

You collected 100 gold pieces.

Inventory:

Hand Weapons
 a - a +0 falchion of chaos (weapon)
 b - a +0 hunting sling
   (You found it on level 1 of the Dungeon)
Missiles
 g - 91 stones (quivered)
Armour
 e - a +3 leather armour (worn)
 j - a scarf of invisibility
   (You found it on level 1 of the Dungeon)
Jewellery
 r - an uncursed ring of protection from fire {unknown}
   (You found it on level 4 of the Dungeon)
Scrolls
 c - a scroll of enchant armour
 f - 4 scrolls of identify
 i - a scroll of teleportation {unknown}
 l - a scroll of remove curse {unknown}
 p - a scroll of immolation {unknown}
 s - a scroll of noise {unknown}
Potions
 d - 3 potions of curing {unknown}
 h - 2 potions of stabbing {unknown}
 k - 2 potions of heal wounds {unknown}
 m - a potion of mutation {unknown}
 n - a potion of degeneration {unknown}
 o - 2 potions of lignification {unknown}
 q - a potion of brilliance {unknown}


   Skills:
 + Level 3.8 Fighting
 * Level 5.1 Long Blades
 + Level 3.8 Slings
 - Level 2.4 Armour
 - Level 1.4 Dodging


You had 5 spell levels left.
You didn't know any spells.
Your spell library was empty.

Dungeon Overview and Level Annotations

Branches:
Dungeon (4/15)
 Temple: D:4-7

Altars:


Innate Abilities, Weirdness & Mutations

You are small and have problems with some larger weapons.
You are somewhat resistant to further mutation.
You have sharp toenails.
Scrolls take you a little longer to read.


Message History

Found a scroll labeled IVVUGH DUETS.
A bat comes into view.
A bat is nearby!
A bat is nearby!
You see here a scroll labeled IVVUGH DUETS.
Found 5 gold pieces.
The helpless bat fails to defend itself.
You hit the bat.
You kill the bat!
No target in view!
No target in view!
No target in view!
No target in view!
No target in view!
No target in view!
No target in view!
You now have 100 gold pieces (gained 5).
s - a scroll labeled IVVUGH DUETS "Fight to survive, mortal."
Unknown command.
Really read with blurry vision while enemies are nearby?
Okay, then.
Unknown command.
Unknown command.
Really read with blurry vision while enemies are nearby?
You begin reading the scroll.
You continue reading the scroll.
The chaos spawn hits you!
You feel agile all of a sudden. The chaos spawn misses you.
You riposte.
You closely miss the chaos spawn. Your kick misses the chaos spawn.
As you read the scroll labeled QUTUTSE TIUXUKK, it crumbles to dust.
It is a scroll of enchant armour.
Your +2 leather armour glows green for a moment.
Really read with blurry vision while enemies are nearby?
The iron imp completely misses you.
You begin reading the scroll.
You continue reading the scroll.
The chaos spawn gores you!
* * * LOW HITPOINT WARNING * * *
You are engulfed in flames.
* * * LOW HITPOINT WARNING * * *
The chaos spawn hits you!
* * * LOW HITPOINT WARNING * * *
The chaos spawn draws strength from your injuries!
As you read the scroll labeled PADWORE DEULOH, it crumbles to dust.
It is a scroll of identify.
Really abort (and waste the scroll)?
Okay, then.
Really read with blurry vision while enemies are nearby?
The chaos spawn completely misses you. The chaos spawn hits you.
You die...

........###.........#
........'.......#.###
........###.......#
.......## #.#.##..#
#.....## #.####..#
##)..## #.####..#
##'## #....555# ###.#
######3## ....######
#@#
##............544#
##...#############
#.†...# ##...##
##...# ##.#.# .....#
...###


You could see a sun demon (summoned), 2 chaos spawn, an iron imp (summoned) and
3 ufetubi.

Vanquished Creatures
  3 orc priests
  3 orc wizards
  A worker ant (D:4)
  A howler monkey skeleton (D:4)
  2 adders
  2 oozes
  A worm (D:2)
  A dart slug (D:3)
  3 orcs
  3 bats
  7 giant cockroaches
  6 goblins
  3 hobgoblins
  3 jackals (D:1)
  3 kobolds
  2 ball pythons (D:2)
  A frilled lizard (D:4)
  8 rats
53 creatures vanquished.

Notes
Turn   | Place    | Note
-------+----------+-------------------------------------------
     0 | D:1      | vurker the Halfling Chaos Knight began the quest for the
                  | Orb.
     0 | D:1      | Reached XP level 1. HP: 15/15 MP: 1/1
     1 | D:1      | Fell from the grace of Xom
   153 | D:1      | Reached XP level 2. HP: 20/20 MP: 2/2
   461 | D:1      | XOM: cloud trail
   504 | D:1      | XOM: stat loss: -3 Int (7/10)
   578 | D:1      | Reached XP level 3. HP: 24/25 MP: 3/3
   609 | D:1      | XOM: give mutations
   609 | D:1      | Gained mutation: Scrolls take you a little longer to read.
                  | [Xom's mischief]
   609 | D:1      | Gained mutation: You have sharp toenails. [Xom's mischief]
   828 | D:1      | Reached skill level 1 in Slings
  1796 | D:2      | Reached XP level 4. HP: 27/31 MP: 4/4
  1845 | D:2      | You fall into a shaft and drop 2 floors!
  2056 | D:4      | XOM: 1-stop teleportation journey
  2071 | D:4      | Reached skill level 4 in Long Blades
  2071 | D:4      | Reached XP level 5. HP: 36/36 MP: 5/5
  2250 | D:4      | Reached XP level 6. HP: 31/43 MP: 6/6
  2444 | D:3      | XOM: noise
  2451 | D:3      | XOM: 2-stop teleportation journey
  2455 | D:3      | Reached skill level 5 in Long Blades
  2581 | D:3      | XOM: summons 7 hostile demons
  2582 | D:3      | Noticed a chaos spawn
  2582 | D:3      | Noticed a sun demon
  2582 | D:3      | Noticed a chaos spawn
  2585 | D:3      | HP: 1/43 [chaos spawn[Xom] (9)]
  2586 | D:3      | Slain by a chaos spawn

Illustrated notes

Levels and vault maps discovered:
D:1:      ncdulo_smallfort, layout_basic, bh_walls_and_bars
D:2:      minmay_wonky_spiral, layout_basic, uniq_crazy_yiuf_cottage
D:3:      layout_loops_corners, serial_glass, glass_columns_a, glass_columns_a,
          glass_columns_a
D:4:      layout_basic, kennysheep_little_box, serial_shops, shop

Skill      XL: |  1  2  3  4  5  6 |
---------------+-------------------+-----
Fighting       | 3 |  3.8
Slings         | 1 2 3 |  3.8
Long Blades    | 4 5 |  5.1
Armour         | |  2.4
Dodging        | |  1.4

Action                   |  1- 3 |  4- 6 || total
-------------------------+-------+-------++-------
Melee: Falchion          |    69 |    36 ||   105
       Kick              |     8 |    17 ||    25
       Hunting sling     |       |     1 ||     1
 Fire: Hunting sling     |    23 |    28 ||    51
Invok: Renounce Religion |     1 |       ||     1
  Use: Scroll            |       |     2 ||     2
 Stab: Sleeping          |     2 |     2 ||     4
Armor: Leather armour    |    19 |    13 ||    32
Dodge: Dodged            |    45 |    36 ||    81
       Rpst.: Falchion   |    13 |     8 ||    21

Table legend: (Time is in decaauts)
 A = Elapsed time spent in this place.
 B = Non-inter-level travel time spent in this place.
 C = Inter-level travel time spent in this place.
 D = Time resting spent in this place.
 E = Time spent auto-exploring this place.
 F = Levels seen in this place.
 G = Mean time per level.
                   A        B        C        D        E       F      G
               +--------+--------+--------+--------+--------+-----+--------+
         Total |   2599 |   2569 |     30 |      0 |   2157 |   4 |  649.8 |
       Dungeon |   2599 |   2569 |     30 |      0 |   2157 |   4 |  649.8 |
               +--------+--------+--------+--------+--------+-----+--------+

Top non-repeatable levels by time:
     D:1: 1077 daAuts
     D:2: 778 daAuts
     D:4: 602 daAuts
     D:3: 141 daAuts
